 Dungeon Crawl Stone Soup version 0.30-a0-918-g0ff054e9dc (webtiles) character file.

Game seed: 250278281367899613

130 cforsyth the Trooper (level 5, -6/36 (42) HPs)
             Began as a Human Fighter on Mar 20, 2023.
             Mangled by Grinder (8 damage)
             ... on level 3 of the Dungeon.
             The game lasted 00:01:42 (2682 turns).

cforsyth the Trooper (Human Fighter)                Turns: 2682, Time: 00:01:42

HP:   -6/36 (42)    AC:  9    Str: 18    XL:     5   Next: 36%
MP:   5/5           EV:  9    Int:  9    God:
Gold: 113           SH:  4    Dex: 12    Spells: 4/4 levels left

rFire   + . .      SeeInvis .    a - +0 flail
rCold   . . .      Faith    .    c - +0 buckler
rNeg    . . .      Spirit   .    b - +0 scale mail
rPois   .          Reflect  .    (no helmet)
rElec   .          Rampage  .    i - +0 cloak
rCorr   .                        (no gloves)
Will    +....                    o - +0 pair of boots Stlth
                                 (no amulet)
HPRegen 0.26/turn                h - ring of protection from fire
MPRegen 0.09/turn                j - ring of willpower

@: lethally poisoned (-6 -> -15), heavily drained
A: no striking features
a: no special abilities


You were on level 3 of the Dungeon.
You visited 1 branch of the dungeon, and saw 3 of its levels.

You collected 113 gold pieces.

Inventory:

Hand Weapons
 a - a +0 flail (weapon)
Armour
 b - a +0 scale mail (worn)
 c - a +0 buckler (worn)
 i - a +0 cloak (worn)
 o - a +0 pair of boots (worn)
Jewellery
 h - a ring of protection from fire (left hand)
 j - a ring of willpower (right hand)
Wands
 t - a wand of iceblast (10)
Scrolls
 g - a scroll of enchant armour {unknown}
 l - a scroll of magic mapping {unknown}
 m - a scroll of fear {unknown}
 r - a scroll of teleportation {unknown}
 s - a scroll of enchant weapon {unknown}
Potions
 d - a potion of might
 e - a potion of degeneration {unknown}
 f - a potion of haste {unknown}
 k - a potion of curing {unknown}
 n - a potion of brilliance {unknown}


   Skills:
 + Level 3.8 Fighting
 + Level 3.0 Maces & Flails
 + Level 3.8 Armour
 + Level 3.8 Shields


You had 4 spell levels left.
You didn't know any spells.
Your spell library contained the following spells:

 Spells                   Type           Power      Damage    Failure   Level
 Summon Small Mammal      Summ           0%         N/A       86%         1
 Call Canine Familiar     Summ           0%         N/A       99%         3
 Gell's Gravitas          Tloc           0%         N/A       99%         3
 Summon Guardian Golem    Hex/Summ       0%         N/A       99%         3
 Teleport Other           Tloc           0%         N/A       99%         3
 Dispersal                Tloc           0%         N/A       100%        6


Dungeon Overview and Level Annotations

Branches:
Dungeon (3/15)

Altars:

Annotations:
D:3 Grinder, Terence


Message History

Grinder hits you but does no damage.
The endoplasm hits you but does no damage.
You sock the adder!
You kill the adder!
You feel sick. The kobold barely misses you. Grinder closely misses you.
Terence shouts, "Get ready for death!"
Terence hits you from afar with a +0 trident of venom.
You are more poisoned.
The endoplasm closely misses you.
You are too injured to fight recklessly!
You are too injured to fight recklessly!
You are too injured to fight recklessly!
You are too injured to fight recklessly!
You are too injured to fight recklessly!
You are too injured to fight recklessly!
You are too injured to fight recklessly!
You are too injured to fight recklessly!
You are too injured to fight recklessly!
As you read the scroll labelled SECOYP NORA, it crumbles to dust.
Your body is wracked with pain!
* * * LOW HITPOINT WARNING * * *
The endoplasm convulses!
Terence convulses!
It was a scroll of torment.
* * * LOW HITPOINT WARNING * * *
You feel very sick. The kobold hits you but does no damage.
You feel drained. The kobold completely misses you.
Grinder grins, showing sharp teeth.
Grinder closely misses you. Terence says, "How do you enjoy it?"
Terence misses you. The endoplasm freezes you.
You are frozen.
* * * LOW HITPOINT WARNING * * *
As you read the scroll labelled KAKAQERPHE SIF, it crumbles to dust.
The creatures around you are filled with an inner flame!
It was a scroll of immolation.
* * * LOW HITPOINT WARNING * * *
You feel sick. The kobold hits you but does no damage.
You feel drained. The kobold hits you but does no damage. Grinder hits you!
You die...

<..#.........#.##### ###.#.# #.
..####..<#.#....).)# #...#.#####.
...#######.####.##.###.###.......
#...............>..†...##########
...####.#...####.#..........#####
#### #.#...# #.##########......
#....## #.# ####### ######
##5#### #.@...# #JKK..# #.@...#
..'#### #.#.# #...# .....#
#.#...#


You could see Grinder (inner flame), Terence (inner flame), an endoplasm (inner
flame) and 2 kobolds.

Vanquished Creatures
  Natasha (thrice) (D:2)
  2 adders (D:3)
  4 endoplasms
  A giant cockroach (D:1)
  3 goblins
  3 hobgoblins
  3 jackals (D:2)
  3 quokkas
  5 ball pythons
  A bat (D:1)
  A frilled lizard (D:2)
  7 kobolds
  2 rats
38 creatures vanquished.

Notes
Turn   | Place    | Note
-------+----------+-------------------------------------------
     0 | D:1      | cforsyth the Human Fighter began the quest for the Orb.
     0 | D:1      | Reached XP level 1. HP: 18/18 MP: 1/1
   284 | D:1      | Reached XP level 2. HP: 19/24 MP: 2/2
  1088 | D:2      | Reached XP level 3. HP: 26/29 MP: 3/3
  1374 | D:2      | Noticed Natasha
  1386 | D:2      | Killed Natasha
  1387 | D:2      | Reached XP level 4. HP: 9/35 MP: 4/4
  1621 | D:2      | Noticed Natasha
  1629 | D:2      | Killed Natasha
  2393 | D:2      | Noticed Natasha
  2404 | D:2      | Killed Natasha
  2405 | D:2      | Reached XP level 5. HP: 21/42 MP: 5/5
  2668 | D:3      | Noticed Grinder
  2670 | D:3      | Noticed Terence
  2682 | D:3      | Mangled by Grinder

Illustrated notes

Levels and vault maps discovered:
D:1:      psy_arrival_spokes, layout_loops_corners, st_stairs_1,
          minmay_tromino_v4_b
D:2:      layout_basic, uniq_natasha
D:3:      cheibrodos_thug_alley, layout_basic, minmay_checkerbox, uniq_terence,
          uniq_grinder, uniq_ijyb

Skill      XL: |  1  2  3  4  5 |
---------------+----------------+-----
Maces & Flails | 3 |  3.0
Fighting       | |  3.8
Armour         | |  3.8
Shields        | |  3.8

Action                     |  1- 3 |  4- 6 || total
---------------------------+-------+-------++-------
  Melee: Flail             |    78 |    42 ||   120
    Use: Scroll            |       |     2 ||     2
 Armour: Scale mail        |    38 |    34 ||    72
  Dodge: Dodged            |    44 |    32 ||    76
  Block: Buckler           |    25 |     8 ||    33

Table legend: (Time is in decaauts)
 A = Elapsed time spent in this place.
 B = Non-inter-level travel time spent in this place.
 C = Inter-level travel time spent in this place.
 D = Time resting spent in this place.
 E = Time spent auto-exploring this place.
 F = Levels seen in this place.
 G = Mean time per level.
                   A        B        C        D        E       F      G
               +--------+--------+--------+--------+--------+-----+--------+
         Total |   2725 |   2645 |     80 |      0 |   2343 |   3 |  908.3 |
       Dungeon |   2725 |   2645 |     80 |      0 |   2343 |   3 |  908.3 |
               +--------+--------+--------+--------+--------+-----+--------+

Top non-repeatable levels by time:
     D:2: 1490 daAuts
     D:1: 1067 daAuts
     D:3: 168 daAuts
